Map: Dusk Towers

Players

Mars

  • Race: Protoss Protoss
  • League: Silver

A.I. 1 (Very Easy) - Winner!

  • Race: Terran Terran

VOD

Have the link to the VOD?

Description

A quick stalker with an expansion built at 16 supply.

Time

  • Played on: Nov. 17, 2015, 1:55 p.m.
  • Length: 3:09
Show
View Real Time Build Order
Export as new Build Order

Mars Protoss 

Build Orders: 1 Gate Expand 

Get SALT Encoding   

  12  0:03  Probe (Chrono Boost)  
  13  0:14  Probe (Chrono Boost)  
  14  0:19  Pylon  
  14  0:24  Probe (Chrono Boost)  
  15  0:38  Probe (Chrono Boost)  
  15  0:41  Gateway  
  16  1:08  Nexus  
  17  1:11  Probe (Chrono Boost)  
  17  1:19  Assimilator  
  17  1:22  Probe (Chrono Boost)  
  19  1:32  Probe (Chrono Boost)  
  19  1:36  Cybernetics Core  
  19  1:40  Assimilator  
  19  1:45  Probe (Chrono Boost)  
  20  1:53  Pylon  
  20  1:56  Probe (Chrono Boost)  
  21  2:09  Probe (Chrono Boost)  
  21  2:13  Stalker (Chrono Boost)  
  24  2:20  Probe (Chrono Boost)  
  25  2:24  Mothership Core (Chrono Boost)  
  27  2:30  Probe (Chrono Boost)  
Show
View Real Time Build Order
Export as new Build Order

A.I. 1 (Very Easy) Terran - Winner!

Build Orders:  

Get SALT Encoding   

  12  0:00  SCV  
  13  0:13  SCV  
  14  0:19  Supply Depot  
  14  0:37  Refinery  
  14  0:43  Barracks  
  14  1:03  Supply Depot  
  14  1:12  Refinery  
  14  1:29  Marine  
  14  1:30  Orbital Command  
  15  1:56  SCV  
  16  2:08  SCV  
  17  2:17  Barracks Tech Lab  
  17  2:20  SCV  
  18  2:32  SCV  
  18  2:35  Marauder  
  21  2:44  SCV  
  22  2:56  SCV  
Tags
 
Add a new tag
Caveats
  • Supply blocks, unpowered buildings, or Contaminate may cause inaccurate times.
  • Supply counts are checked every 10 seconds.